Map: Magannatha LE

Players

SPINNENMANN - Winner!

  • Race: Zerg Zerg
  • League: Master
  • Spawn Location: 5:00

zettick

  • Race: Terran Terran
  • League: Master
  • Spawn Location: 11:00

VOD

Have the link to the VOD?

Description

Time

  • Played on: Aug. 22, 2025, 4:35 p.m.
  • Length: 14:01
Show
View Real Time Build Order
Export as new Build Order

SPINNENMANN Zerg - Winner!

Build Orders: Hatch First 

Get SALT Encoding   

  12  0:00  Drone  
  13  0:15  Drone  
  13  0:18  Drone, Extractor  
  15  0:37  Hatchery  
  14  0:43  Drone, Extractor  
  14  0:47  Overlord  
  15  1:06  Drone x3  
  18  1:12  Spawning Pool  
  18  1:18  Drone  
  18  1:21  Extractor  
  17  1:27  Drone  
  18  1:38  Drone  
  19  1:49  Drone x2  
  21  1:58  Queen x2  
  21  1:59  Drone  
  21  2:00  Drone  
  27  2:10  Overlord  
  27  2:12  Drone  
  28  2:33  Drone x4  
  28  2:35  Spore Crawler  
  31  2:39  Queen  
  34  2:46  Queen  
  34  2:47  Overlord  
  36  2:53  Overlord  
  36  3:08  Drone x4  
  36  3:09  Roach Warren  
  40  3:12  Drone  
  40  3:13  Drone x2  
  42  3:26  Hatchery  
  41  3:37  Drone x5  
  41  3:41  Evolution Chamber, Drone  
  47  3:42  Lair  
  46  3:52  Drone x4  
  50  4:03  Overlord  
  50  4:04  Drone  
  50  4:07  Zerg Ground Armor Level 1, Extractor  
  50  4:09  Extractor  
  51  4:10  Roach  
  51  4:12  Overlord  
  51  4:19  Overlord  
  51  4:27  Evolution Chamber  
  50  4:37  Roach x3  
  50  4:38  Roach  
  58  4:41  Overlord  
  58  4:42  Drone x6  
  64  4:48  Glial Reconstitution  
  65  5:03  Drone  
  65  5:04  Drone x6  
  72  5:09  Queen  
  72  5:11  Drone  
  75  5:14  Drone  
  75  5:15  Infestation Pit, Extractor  
  74  5:22  Overseer  
  74  5:25  Overlord, Drone x5  
  79  5:35  Drone x2  
  81  5:36  Drone  
  83  5:50  Drone x7  
  85  6:05  Drone x5  
  85  6:09  Drone  
  90  6:17  Drone x7  
  89  6:26  Drone x2  
  89  6:28  Spore Crawler  
  89  6:29  Extractor  
  89  6:30  Extractor  
  88  6:33  Metabolic Boost, Hive  
  88  6:34  Zerg Ground Armor Level 2  
  88  6:36  Evolution Chamber  
  88  6:37  Spore Crawler x2  
  83  6:40  Queen  
  83  6:41  Overseer  
  83  6:44  Roach x6  
  83  6:45  Overlord  
  97  6:49  Overlord  
  97  6:54  Overlord  
  97  7:03  Hatchery  
  97  7:04  Infestor  
  97  7:06  Hatchery  
  97  7:07  Infestor  
  99  7:11  Roach x3  
  99  7:12  Overlord x3  
  106  7:22  Drone  
  106  7:23  Drone x7  
  106  7:26  Zerg Melee Weapons Level 1  
  106  7:29  Spore Crawler  
  112  7:31  Drone x2  
  111  7:45  Spore Crawler  
  108  7:52  Queen x2  
  108  7:57  Drone x10  
  108  7:58  Extractor  
  119  7:59  Ravager x3, Extractor  
  119  8:03  Ultralisk Cavern  
  121  8:05  Drone x7  
  127  8:15  Infestor  
  127  8:17  Zergling x16  
  135  8:20  Spore Crawler  
  135  8:23  Spore Crawler  
  134  8:27  Drone  
  134  8:28  Drone  
  136  8:44  Overlord  
  136  8:45  Overlord x2  
  135  8:52  Ultralisk x3  
  135  8:55  Zergling x6  
  149  9:04  Zergling x12  
  149  9:05  Zergling x2  
  149  9:09  Ultralisk  
  160  9:14  Ultralisk  
  160  9:15  Overlord x3  
  160  9:16  Overlord x2  
  166  9:20  Zerg Ground Armor Level 3  
  166  9:29  Overlord x3  
  166  9:30  Overseer  
  166  9:31  Overseer, Chitinous Plating  
  166  9:34  Adrenal Glands  
  166  9:39  Hatchery  
  155  9:49  Ultralisk  
  155  9:50  Ultralisk x3  
  151  9:57  Zergling x26  
  164  10:07  Zergling x18  
  170  10:11  Hatchery  
  172  10:16  Spore Crawler  
  172  10:17  Spore Crawler  
  170  10:22  Ultralisk  
  170  10:23  Ultralisk  
  170  10:28  Zerg Melee Weapons Level 2  
  182  10:29  Zergling x2  
  182  10:30  Zergling x10  
  182  10:33  Burrow  
  188  10:37  Hatchery  
  187  10:43  Zergling x20  
  185  10:51  Zergling x12  
  190  11:01  Zergling x18  
  178  11:29  Zergling x40  
  183  11:33  Infestor x4  
  183  11:37  Drone  
  183  11:38  Spire, Zergling x4  
  192  11:42  Zergling x2  
  192  11:45  Zergling x8  
  192  11:56  Zergling x12  
  185  12:12  Zergling x18  
  182  12:19  Ultralisk x4  
  182  12:21  Zergling x6  
  199  12:26  Zergling x6  
  199  12:27  Zergling x6  
  185  12:37  Zergling x16  
  190  12:48  Zergling x2  
  190  12:49  Zergling x14  
  171  13:01  Zergling x4  
  171  13:02  Zergling x8  
  166  13:06  Zergling x10  
  165  13:19  Zergling x12  
Show
View Real Time Build Order
Export as new Build Order

zettick Terran 

Build Orders: Reaper Expand, Hellion Banshee 

Get SALT Encoding   

  12  0:00  SCV  
  13  0:12  SCV  
  14  0:17  Supply Depot  
  14  0:24  SCV  
  15  0:38  SCV  
  15  0:39  Barracks  
  16  0:47  Refinery  
  16  0:51  SCV  
  17  1:03  SCV  
  18  1:15  SCV  
  19  1:27  Orbital Command  
  19  1:29  Reaper  
  20  1:39  Command Center  
  20  1:46  Supply Depot  
  20  1:52  SCV  
  21  2:02  Marine  
  21  2:04  SCV  
  23  2:09  Factory  
  23  2:17  SCV  
  24  2:26  Barracks Reactor  
  24  2:29  SCV  
  25  2:41  Command Center, SCV  
  26  2:53  SCV, Orbital Command  
  27  3:04  Starport  
  27  3:05  SCV  
  28  3:12  Refinery  
  28  3:17  Hellion x2, SCV  
  28  3:19  SCV  
  34  3:29  SCV  
  34  3:31  SCV, Barracks Tech Lab  
  36  3:38  Hellion  
  36  3:39  Hellion  
  40  3:41  SCV  
  40  3:43  SCV  
  42  3:53  SCV, Orbital Command  
  43  3:55  SCV  
  43  4:00  Hellion x2  
  48  4:05  SCV  
  48  4:06  Banshee, Cloaking Field  
  48  4:08  SCV  
  53  4:17  Orbital Command  
  53  4:18  SCV  
  53  4:20  SCV  
  55  4:30  SCV  
  56  4:32  SCV  
  57  4:39  Barracks, Barracks Tech Lab  
  57  4:41  Barracks  
  57  4:42  SCV  
  57  4:43  Factory Reactor  
  57  4:44  SCV  
  59  4:46  Supply Depot  
  59  4:48  Engineering Bay  
  59  4:49  Supply Depot, Engineering Bay  
  59  4:50  SCV, Refinery  
  59  4:51  Refinery  
  60  4:56  SCV  
  61  5:05  SCV  
  60  5:07  SCV, Banshee  
  60  5:08  SCV  
  60  5:11  Marine, Stimpack  
  66  5:16  Terran Infantry Weapons Level 1  
  66  5:17  SCV  
  66  5:19  SCV, Supply Depot  
  68  5:24  Supply Depot  
  68  5:33  SCV x3  
  68  5:35  Terran Infantry Armor Level 1  
  69  5:39  Marine x4  
  69  5:40  Marine  
  74  5:44  Barracks  
  74  5:45  Barracks  
  74  5:47  SCV  
  74  5:48  SCV x2  
  75  5:59  SCV  
  75  6:00  Starport Reactor  
  74  6:07  SCV x2  
  69  6:12  Siege Tank  
  69  6:13  Marine x5  
  69  6:15  SCV  
  77  6:19  SCV  
  77  6:23  SCV  
  76  6:27  SCV  
  76  6:28  Armory  
  76  6:30  Marine  
  76  6:31  Marine, SCV, Barracks Reactor  
  80  6:33  Barracks Reactor, Factory  
  80  6:35  Marine, SCV  
  80  6:36  Marine x2  
  80  6:38  Medivac x2  
  80  6:39  SCV  
  89  6:43  SCV  
  91  6:47  SCV  
  91  6:48  Marine  
  91  6:51  Combat Shield  
  92  6:55  SCV  
  92  6:56  Supply Depot  
  92  6:58  Siege Tank, SCV  
  92  6:59  SCV  
  98  7:07  SCV, Refinery x2  
  99  7:08  Command Center  
  99  7:10  SCV, Supply Depot  
  99  7:11  SCV  
  99  7:12  Supply Depot  
  101  7:17  Marine x7  
  101  7:19  SCV  
  101  7:20  Supply Depot  
  109  7:23  Supply Depot  
  109  7:25  SCV x2  
  109  7:29  Terran Infantry Weapons Level 2, Terran Infantry Armor Level 2  
  111  7:31  SCV  
  111  7:32  Marine  
  111  7:33  Siege Tank  
  116  7:42  SCV  
  116  7:43  Marine x6, SCV  
  124  7:53  Marine x3  
  124  7:56  Factory Tech Lab, Medivac  
  124  7:57  Medivac  
  131  8:00  Marine  
  131  8:01  Marine  
  131  8:03  Terran Vehicle Weapons Level 1  
  133  8:08  Marine  
  133  8:09  Marine x3  
  133  8:10  Siege Tank  
  133  8:11  Marine x2, SCV x3  
  145  8:15  Supply Depot  
  145  8:16  Supply Depot x2  
  145  8:24  Marine x2  
  145  8:26  Marine x2  
  149  8:27  Siege Tank  
  149  8:29  Medivac x2  
  156  8:40  SCV x2  
  155  8:43  Command Center  
  155  8:50  Barracks x2  
  155  8:52  Barracks  
  155  8:54  Marine x5, Missile Turret  
  150  9:07  Marine  
  144  9:11  Siege Tank x2, SCV  
  144  9:12  SCV x2  
  144  9:16  Planetary Fortress  
  153  9:23  SCV  
  154  9:25  SCV x2  
  154  9:30  Marine x2  
  158  9:33  Marauder  
  158  9:37  Marine  
  161  9:42  Marine x4  
  161  9:43  Siege Tank  
  161  9:44  Missile Turret  
  161  9:45  Command Center  
  156  9:53  Marine, Barracks Tech Lab x2  
  156  9:54  Barracks Tech Lab  
  156  9:55  Marauder  
  156  9:59  Marine x3  
  159  10:01  Orbital Command  
  159  10:03  Refinery  
  159  10:04  Refinery  
  161  10:09  Factory  
  161  10:10  Siege Tank  
  161  10:11  Terran Infantry Armor Level 3, Terran Vehicle Weapons Level 2, Terran Infantry Weapons Level 3  
  161  10:13  Marauder x2  
  161  10:14  Marauder, Concussive Shells  
  170  10:16  Marauder  
  170  10:20  Starport  
  172  10:25  Missile Turret, Barracks Tech Lab  
  172  10:28  Missile Turret  
  172  10:31  Marine x2  
  172  10:32  Liberator x2  
  172  10:35  Marauder x3  
  186  10:43  Marine x2, Marauder x2  
  186  10:44  Marine x2  
  186  10:45  Siege Tank x2  
  200  10:52  Factory Tech Lab  
  200  10:59  Fusion Core, Ghost Academy  
  195  11:13  Marine x2, Marauder x2  
  195  11:14  Marine x2, Marauder x3  
  151  11:33  Marine  
  151  11:34  Marine x4  
  151  11:35  Marauder  
  151  11:36  Planetary Fortress  
  151  11:42  Marine x2  
  151  11:43  Marauder x3  
  142  11:48  Medivac x2  
  142  11:51  Advanced Ballistics, Personal Cloaking  
  142  11:56  Marauder  
  142  11:58  Command Center  
  142  11:59  Command Center  
  142  12:00  Ghost  
  119  12:16  Marine x2  
  119  12:17  Marine x4, Marauder x4  
  119  12:22  SCV x3  
  117  12:29  Marauder  
  107  12:34  Siege Tank, Marine, SCV  
  107  12:35  Siege Tank x2  
  107  12:36  SCV x2  
  116  12:46  SCV  
  116  12:47  Marauder x2  
  116  12:48  SCV x2  
  93  12:58  SCV  
  93  13:02  Marine  
  93  13:03  Marine x8  
  88  13:09  Marauder  
Tags
 
Add a new tag
Caveats
  • Supply blocks, unpowered buildings, or Contaminate may cause inaccurate times.
  • Supply counts are checked every 10 seconds.